Map: 暮色之塔

Players

shengy - Winner!

  • Race: Protoss Protoss

电脑难度(新手)

  • Race: Zerg Zerg

VOD

Have the link to the VOD?

Description

Time

  • Played on: Nov. 20, 2015, 10:38 p.m.
  • Length: 15:39
Show
View Real Time Build Order
Export as new Build Order

shengy Protoss - Winner!

Build Orders:  

Get SALT Encoding   

  12  0:03  Probe (Chrono Boost)  
  13  0:13  Probe (Chrono Boost)  
  14  0:22  Pylon  
  14  0:24  Probe (Chrono Boost)  
  15  0:40  Probe (Chrono Boost)  
  16  0:51  Probe (Chrono Boost)  
  17  1:01  Probe (Chrono Boost)  
  18  1:16  Gateway  
  18  1:23  Probe (Chrono Boost)  
  19  1:27  Nexus  
  19  1:52  Assimilator  
  19  1:55  Pylon  
  19  2:00  Probe (Chrono Boost)  
  20  2:10  Probe (Chrono Boost)  
  20  2:12  Assimilator  
  21  2:21  Probe (Chrono Boost)  
  22  2:22  Cybernetics Core  
  22  2:32  Probe (Chrono Boost)  
  22  2:33  Pylon  
  23  2:44  Probe (Chrono Boost)  
  24  2:54  Probe (Chrono Boost)  
  25  3:03  Adept  
  25  3:05  Probe (Chrono Boost)  
  28  3:09  Warp Gate  
  28  3:14  Mothership Core (Chrono Boost)  
  30  3:21  Assimilator  
  30  3:22  Probe (Chrono Boost)  
  31  3:30  Adept  
  31  3:33  Probe (Chrono Boost)  
  34  3:43  Probe (Chrono Boost)  
  35  4:35  Stargate  
  35  4:37  Twilight Council  
  35  4:39  Robotics Facility  
  35  4:40  Forge  
  35  4:48  Probe x2 (Chrono Boost)  
  35  4:49  Pylon  
  35  4:51  Pylon  
  37  4:53  Pylon  
  37  4:55  Pylon  
  37  4:59  Probe x2 (Chrono Boost)  
  39  5:09  Probe x2 (Chrono Boost)  
  37  5:30  Oracle  
  40  5:38  Warp Prism  
  42  5:45  Robotics Bay  
  42  6:05  Fleet Beacon, Adept  
  44  6:13  Pylon  
  44  6:30  Probe (Chrono Boost)  
  44  6:31  Probe (Chrono Boost)  
  46  6:40  Probe (Chrono Boost)  
  46  6:42  Probe (Chrono Boost)  
  47  8:04  Adept  
  49  8:09  Resonating Glaives  
  49  8:42  Probe (Chrono Boost)  
  53  8:50  Disruptor (Chrono Boost)  
  53  8:51  Probe (Chrono Boost)  
  54  9:01  Probe  
  55  9:11  Pylon  
  58  9:27  Disruptor (Chrono Boost)  
  58  9:53  Adept  
  58  9:56  Pylon  
  59  10:25  Stalker  
  59  10:59  Gateway  
  59  11:00  Blink  
  59  11:02  Gateway  
  59  11:05  Gateway  
  59  11:06  Gateway  
  59  11:08  Gateway  
  59  11:11  Gateway  
  59  11:28  Colossus  
  59  11:30  Probe (Chrono Boost), Assimilator  
  66  11:41  Probe (Chrono Boost)  
  67  11:48  Stalker  
  71  12:31  Stalker x4  
  71  12:32  Stalker x3  
  71  12:36  Colossus  
  74  13:54  Stalker x6  
  74  13:55  Stalker  
  67  15:07  Nexus  
  67  15:11  Stalker  
  67  15:12  Stalker  
  67  15:13  Stalker x3  
  67  15:14  Stalker  
  79  15:15  Stalker  
Show
View Real Time Build Order
Export as new Build Order

电脑难度(新手) Zerg 

Build Orders: Pool First 

Get SALT Encoding   

  12  0:01  Drone  
  13  0:12  Overlord  
  13  0:17  Drone  
  14  0:36  Spawning Pool  
  14  0:39  Drone, Extractor  
  13  0:46  Drone  
  14  0:52  Overlord  
  14  1:23  Queen, Zergling x2  
  17  1:31  Roach Warren  
  17  1:32  Extractor  
  15  1:36  Drone  
  16  1:43  Drone  
  17  1:51  Zergling x2  
  18  2:03  Drone  
  19  2:10  Drone  
  20  2:19  Drone  
  20  2:20  Zergling x2  
  22  2:29  Overlord  
  22  2:33  Drone  
  23  2:40  Drone  
  24  2:47  Drone  
  24  2:49  Roach  
  27  4:19  Zergling x2  
  27  5:05  Zergling x2  
  25  5:26  Drone  
  25  5:33  Zergling x2  
  26  6:02  Zergling x2  
  27  7:12  Zergling x2  
  28  7:30  Lair  
  28  7:37  Hatchery  
  28  7:44  Drone  
  28  7:51  Drone, Overlord  
  28  7:52  Drone  
  29  7:58  Drone  
  29  7:59  Drone  
  29  8:28  Overseer x2  
  29  8:31  Spire  
  29  8:32  Drone  
  27  8:49  Drone  
  28  8:57  Drone, Extractor  
  28  9:00  Extractor  
  27  9:04  Drone  
  28  9:11  Drone  
  29  9:18  Drone  
  30  9:25  Drone  
  31  9:32  Drone  
  32  9:39  Drone  
  32  9:44  Mutalisk  
  35  9:47  Drone  
  36  9:54  Drone  
  37  10:01  Drone  
  38  10:08  Drone  
  39  10:16  Drone  
  39  10:23  Drone  
  40  10:30  Drone  
  40  10:31  Zergling x2  
  42  10:37  Drone  
  42  10:38  Overlord  
  43  10:44  Drone  
  44  10:51  Drone  
  45  11:17  Mutalisk  
  47  12:17  Zergling x2  
  42  12:46  Zergling x2  
  42  12:48  Queen  
  42  12:51  Drone, Overlord  
  42  12:53  Overseer  
  34  12:59  Drone  
  28  13:11  Overlord  
  28  13:12  Pneumatized Carapace  
  27  13:13  Drone  
  28  13:21  Overlord  
  28  13:30  Mutalisk  
  28  13:32  Drone  
  28  13:34  Evolution Chamber  
  28  13:39  Drone  
  28  13:41  Extractor, Overlord  
  26  13:51  Mutalisk, Spawning Pool, Overlord  
  24  14:07  Overlord  
  24  14:12  Hatchery  
  24  14:15  Overlord  
  15  14:25  Drone  
  13  14:32  Drone  
  13  14:33  Evolution Chamber  
  13  14:34  Overlord  
  13  14:40  Drone, Zergling x2  
  13  14:41  Queen  
  15  14:50  Drone  
  16  14:59  Spawning Pool  
  11  15:11  Drone  
  10  15:22  Drone  
Tags
 
Add a new tag
Caveats
  • Supply blocks, unpowered buildings, or Contaminate may cause inaccurate times.
  • Supply counts are checked every 10 seconds.